 Dungeon Crawl Stone Soup version 0.20.0-15-g7f486f2 (webtiles) character file.

35 Mesmaeker13 the Sneak (level 3, -1/18 HPs)
             Began as a Vine Stalker Assassin on June 13, 2017.
             Slain by Natasha (6 damage)
             ... on level 2 of the Dungeon.
             The game lasted 00:01:44 (1365 turns).

Mesmaeker13 the Sneak (Vine Stalker Assassin)       Turns: 1365, Time: 00:01:45

Health: -1/18      AC:  3    Str: 13    XL:     3   Next: 35%
Magic:  0/4        EV: 12    Int: 11    God:
Gold:   60         SH:  0    Dex: 16    Spells: 2/2 levels left

rFire    . . .     SeeInvis .   b - +0 blowgun
rCold    . . .     Gourm    .   (no shield)
rNeg     . . .     Faith    .   c - +0 robe
rPois    .         Spirit   +   (no helmet)
rElec    .         Reflect  .   d - +0 cloak
rCorr    .         Harm     .   (no gloves)
MR       .....                  (no boots)
Stlth    +++.......             (no amulet)
Regen    0.1/turn               (no ring)
MPRegen  0.1/turn               (no ring)

@: no status effects
A: fangs 2, magic shield, antimagic bite, no potion heal 3, rot immunity
a: no special abilities


You were on level 2 of the Dungeon.
You were not hungry.

You visited 1 branch of the dungeon, and saw 2 of its levels.

You collected 60 gold pieces.

Inventory:

Hand Weapons
 a - a +2 dagger
 b - a +0 blowgun (weapon)
Missiles
 e - 5 poisoned needles (quivered)
 f - 2 curare-tipped needles
 m - 6 tomahawks
Armour
 c - a +0 robe (worn)
 d - a +0 cloak (worn)
Jewellery
 i - an uncursed ring of see invisible {unknown}
Scrolls
 j - a scroll of remove curse {unknown}
 k - 2 scrolls of recharging {unknown}
Potions
 h - a potion of lignification {unknown}
 l - a potion of curing {unknown}
 n - a potion of agility {unknown}
Comestibles
 g - a bread ration
 o - 2 chunks of flesh


   Skills:
 - Level 1.7 Fighting
 + Level 2.5 Short Blades
 - Level 1.7 Throwing
 + Level 1.2 Dodging
 + Level 5.3 Stealth


You had 2 spell levels left.
You didn't know any spells.

Dungeon Overview and Level Annotations

Branches:
Dungeon (2/15)

Altars:

Annotations:
D:2 Natasha


Innate Abilities, Weirdness & Mutations

You have extremely sharp teeth.
When hurt, damage is shared between your health and your magic reserves.
Your bite disrupts and absorbs the magic of your enemies.
Potions cannot restore your health.
You are immune to rotting.


Message History

Firing (i - inventory. (,) - cycle):
e - 8 poisoned needles (quivered)
Press: ? - help, Shift-Dir - straight line, f - Natasha
Aim: Natasha (moderately wounded)
You shoot a poisoned needle. The poisoned needle hits Natasha.
Natasha is poisoned.
Natasha is moderately wounded.
Natasha completely misses you.
Firing (i - inventory. (,) - cycle):
e - 7 poisoned needles (quivered)
Press: ? - help, Shift-Dir - straight line, f/p - Natasha
Aim: Natasha (moderately wounded, poisoned)
You shoot a poisoned needle.
The poisoned needle closely misses Natasha.
Firing (i - inventory. (,) - cycle):
e - 6 poisoned needles (quivered)
Press: ? - help, Shift-Dir - straight line, f/p - Natasha
Aim: Natasha (moderately wounded, poisoned)
You shoot a poisoned needle. The poisoned needle hits Natasha.
Natasha looks even sicker.
Natasha is moderately wounded.
Natasha claws you.
You die...

#.# #.# #.# #.# #.# #.#
#.# #.# # #.# #(#
######.##.##
#.#####)####...@h.....(
#.#..........##........
#.#.###..##.###.#.##.##
##.#.###.....# #.#.#
.................# #
.........[#..#####
####.#$........
#.........##..
#####.##..# #


You could see Natasha.

Vanquished Creatures
  An ooze (D:1)
  A leopard gecko (D:1)
  A giant cockroach (D:1)
  7 goblins
  4 hobgoblins
  3 kobolds
  3 bats (D:1)
  4 frilled lizards
  4 rats
28 creatures vanquished.

Notes
Turn   | Place    | Note
-------+----------+-------------------------------------------
     0 | D:1      | Mesmaeker13 the Vine Stalker Assassin began the quest for the Orb.
     0 | D:1      | Reached XP level 1. HP: 11/11 MP: 2/2
   435 | D:1      | Reached skill level 5 in Stealth
   467 | D:1      | Reached XP level 2. HP: 12/15 MP: 3/3
   910 | D:1      | Reached skill level 1 in Dodging
  1062 | D:1      | Reached XP level 3. HP: 10/18 MP: 4/4
  1327 | D:2      | Noticed Natasha
  1365 | D:2      | Slain by Natasha

Skill      XL: |  1  2 |
---------------+-------+-----
Stealth        | 5 |  5.3
Short Blades   | 2 |  2.5
Dodging        | 1 |  1.2
Fighting       | |  1.7
Throwing       | |  1.7

Action                   || total
-------------------------++-------
Melee: Dagger            ||    80
       Bite              ||    14
 Fire: Blowgun           ||     3
 Stab: Sleeping          ||     7
       Distracted        ||     1
  Eat: Chunk             ||     1
Armor: Robe              ||    15
Dodge: Dodged            ||    37
